 Dungeon Crawl Stone Soup version 0.31-a0-965-g8a8ce12e04 (webtiles) character file.

Game seed: 10586522869434762533

3642 drugrobin the Grappler (level 9, -3/68 HPs)
             Began as a Demigod Delver on Oct 26, 2023.
             Slain by an ice beast (14 damage)
             ... on level 8 of the Dungeon.
             The game lasted 00:22:56 (9983 turns).

drugrobin the Grappler (Demigod Delver)             Turns: 9983, Time: 00:22:56

Health: -3/68      AC: 14    Str: 21    XL:     9   Next: 57%
Magic:  11/11      EV:  6    Int: 12    God:
Gold:   333        SH:  0    Dex: 19    Spells: 8/8 levels left

rFire   . .          .
                       - Unarmed
rCold   . . .        (no shield)
rNeg    . . .        c - +0 plate armour
rPois   .            q - +0 helmet
rElec   .            v - +0 cloak
rCorr   .            m - +0 pair of gloves
SInv    .            A - +0 pair of boots
Will    .....        o - amulet of magic regeneration Stlth
                     (no ring)
HPRegen 0.31/turn    (no ring)
MPRegen 0.52/turn

%: no passive effects
@: no status effects
A: high MP 1, forlorn, divine attributes
a: no special abilities


You were on level 8 of the Dungeon.
You visited 1 branch of the dungeon, and saw 8 of its levels.

You collected 333 gold pieces.

Inventory:

Hand Weapons
 b - a +0 sling
 d - a +2 dagger of electrocution
 y - the +6 dagger "Esehex" {freeze, Contam rPois rF+}
   (You found it on level 5 of the Dungeon)

   rF+:       It protects you from fire.
   rPois:     It protects you from poison Contam: It causes magical
   contamination when unequipped.
Missiles
 p - 4 boomerangs (quivered)
 H - 8 poisoned darts
Armour
 a - a +0 leather armour
 c - a +0 plate armour (worn)
 j - a +0 ring mail
 m - a +0 pair of gloves (worn)
 q - a +0 helmet (worn)
 v - a +0 cloak (worn)
 x - a +0 chain mail
 A - a +0 pair of boots (worn)
Jewellery
 o - an amulet of magic regeneration (around neck)
Wands
 f - a wand of digging (11)
 C - a wand of flame (15)
 G - a wand of polymorph (16)
Scrolls
 e - a scroll of blinking {unknown}
 g - 3 scrolls of identify {unknown}
 i - 4 scrolls of fog
 k - 3 scrolls of teleportation {unknown}
 r - a scroll of summoning {unknown}
 t - a scroll of immolation {unknown}
 z - a scroll of noise {unknown}
 B - a scroll of enchant weapon {unknown}
 J - a scroll of revelation
 K - a scroll of enchant armour {unknown}
Potions
 h - 2 potions of degeneration
 l - a potion of heal wounds {unknown}
 n - a potion of invisibility {unknown}
 s - a potion of berserk rage {unknown}
 u - 3 potions of curing
 w - a potion of resistance {unknown}
 D - a potion of enlightenment {unknown}
 E - a potion of might
 I - a potion of attraction {unknown}
 L - a potion of ambrosia {unknown}


   Skills:
 - Level 2.6 Fighting
 - Level 1.7 Dodging
 - Level 4.5 Stealth
 + Level 12.4 Unarmed Combat
 - Level 4.0 Evocations


You had 8 spell levels left.
You didn't know any spells.
Your spell library contained the following spells:

 Spells                   Type           Power      Damage    Failure   Level
 Apportation              Tloc           0%         N/A       100%        1
 Kiss of Death            Conj/Necr      0%         2d5       100%        1
 Magic Dart               Conj           0%         1d3       100%        1
 Necrotise                Necr           0%         1d4       100%        1
 Summon Small Mammal      Summ           0%         N/A       100%        1
 Searing Ray              Conj           0%         2d4       100%        2
 Sublimation of Blood     Necr           0%         N/A       100%        2
 Confusing Touch          Hex            0%         N/A       100%        3
 Dispel Undead            Necr           0%         3d6       100%        4
 Fulminant Prism          Conj/Hex       0%         3d5       100%        4
 Petrify                  Tmut/Erth      0%         N/A       100%        4
 Irradiate                Conj/Tmut      0%         3d11      100%        5


Dungeon Overview and Level Annotations

Branches:
Dungeon (8/15)             Temple (0/1) D:6
   Lair: D:8-11

Annotations:
D:3 3 runed translucent doors, dragonking145's ghost, amateur GrFi


Innate Abilities, Weirdness & Mutations

You have an increased reservoir of magic. (+10% MP)
You shall have no god before yourself.
Your divine heritage dramatically boosts your attributes as you level up.


Message History

You hit the polar bear.
The polar bear is moderately wounded.
The polar bear closely misses you.
The polar bear claws you but does no damage.
The polar bear claws you.
You punch the polar bear!
The polar bear is heavily wounded.
You hit the polar bear but do no damage.
The polar bear is heavily wounded.
The polar bear bites you.
The polar bear claws you but does no damage.
The polar bear claws you.
You hit the polar bear.
The polar bear is heavily wounded.
The polar bear barely misses you.
The polar bear claws you but does no damage.
The polar bear barely misses you.
You punch the polar bear!
The polar bear is almost dead.
The polar bear goes berserk!
You punch the polar bear!
The polar bear is almost dead.
The polar bear bites you!
* * * LOW HITPOINT WARNING * * *
The polar bear claws you but does no damage.
The polar bear claws you.
* * * LOW HITPOINT WARNING * * *
Unknown command.
You punch the polar bear!
You kill the polar bear!
Unknown command.
Aiming: Throw Flame
Press: ? - help, Shift-Dir - straight line, f - ice beast
Aim: an ice beast (71% to hit)
The puff of flame hits the ice beast.
The ice beast melts!
The ice beast is lightly wounded.
The ice beast hits you.
* * * LOW HITPOINT WARNING * * *
The ice beast freezes you!
You die...

.o.....#.##.##.###.##.####
#.#
..o....#.##......#.##.#
#.#
#.#....#.##..###.#.##.#
#.# .......#.....#
#......# #.#
#...####.###.###### #(#
.#..#...# #..)).#
.........######>###
.....#.$#...###)#
..##..~......oY@.#
#..##.........#####
k....#...#.####
............ .##.........
........... ......#....


You could see an ice beast and an orc.

Vanquished Creatures
  A two-headed ogre (D:7)
  A polar bear (D:8)
  2 steam dragons
  A water moccasin (D:6)
  2 black bears
  5 ice beasts
  An orc warrior (D:6)
  A sky beast (D:8)
  A wolf (D:8)
  A centaur (D:7)
  2 kobold brigands
  A bullfrog (D:8)
  5 scorpions
  3 wights
  3 killer bees (D:8)
  5 hounds
  3 orc priests
  3 iguanas
  3 sleepcaps
  3 orc wizards
  Ijyb (D:3)
  Robin (D:2)
  6 adders
  3 gnolls (D:4)
  2 shadow imps
  2 ufetubi (D:6)
  A worm (D:3)
  2 dart slugs
  22 orcs
  5 endoplasms
  2 giant cockroaches (D:3)
  18 goblins
  6 hobgoblins
  5 jackals (D:2)
  A quokka (D:1)
  2 ball pythons
  9 bats
  4 frilled lizards
  10 kobolds
  2 rats (D:2)
151 creatures vanquished.

Vanquished Creatures (others)
  A kobold (D:7)
1 creature vanquished.

Grand Total: 152 creatures vanquished

Notes
Turn   | Place    | Note
-------+----------+-------------------------------------------
     0 | D:5      | drugrobin the Demigod Delver began the quest for the Orb.
     0 | D:5      | Reached XP level 1. HP: 18/18 MP: 3/3
    51 | D:5      | Noticed a scorpion
    55 | D:5      | Noticed an iguana
    90 | D:5      | Noticed a sleepcap
   131 | D:5      | Noticed an orc priest
   134 | D:5      | Noticed an orc wizard
   194 | D:4      | Noticed a black bear
   293 | D:3      | Reached skill level 2 in Unarmed Combat
   683 | D:1      | Reached XP level 2. HP: 22/25 MP: 4/4
  1407 | D:2      | Reached skill level 3 in Unarmed Combat
  1816 | D:2      | Noticed Robin
  1822 | D:2      | Reached XP level 3. HP: 30/30 MP: 5/5
  1928 | D:2      | Killed Robin
  2532 | D:3      | Reached skill level 4 in Unarmed Combat
  2650 | D:3      | Noticed an ogre
  2806 | D:3      | Reached XP level 4. HP: 37/37 MP: 6/6
  2932 | D:3      | Noticed Ijyb
  2999 | D:3      | Found a runed translucent gate.
  2999 | D:3      | Found a runed translucent gate.
  2999 | D:3      | Found a runed translucent gate.
  3629 | D:4      | Reached skill level 5 in Unarmed Combat
  3629 | D:4      | Reached XP level 5. HP: 39/42 MP: 7/7
  4149 | D:5      | Identified the +6 dagger "Esehex" {freeze, Contam rPois
                  | rF+}
  4258 | D:5      | Reached skill level 6 in Unarmed Combat
  4271 | D:5      | Reached XP level 6. HP: 34/50 MP: 8/8
  5137 | D:6      | Reached skill level 7 in Unarmed Combat
  5304 | D:6      | Reached XP level 7. HP: 54/56 MP: 9/9
  5669 | D:6      | Reached skill level 8 in Unarmed Combat
  6057 | D:3      | Killed Ijyb
  6210 | D:3      | Noticed dragonking145's ghost (amateur GrFi)
  6291 | D:5      | Reached skill level 9 in Unarmed Combat
  6670 | D:6      | Found a staircase to the Ecumenical Temple.
  6738 | D:6      | Reached XP level 8. HP: 13/62 MP: 10/10
  7669 | D:6      | Reached skill level 10 in Unarmed Combat
  8606 | D:7      | Reached skill level 11 in Unarmed Combat
  8672 | D:7      | Noticed a gargoyle
  8988 | D:8      | Noticed a two-headed ogre
  9008 | D:7      | HP: 1/62 [two-headed ogre/+0 giant club (9)]
  9010 | D:7      | Killed a two-headed ogre
  9011 | D:7      | Reached XP level 9. HP: 1/68 MP: 11/11
  9519 | D:8      | Reached skill level 12 in Unarmed Combat
  9743 | D:8      | Noticed a rime drake
  9983 | D:8      | Slain by an ice beast

Illustrated notes

Levels and vault maps discovered:
D:1:      co_arrival_square_in_a_square_in_a_square, layout_basic
D:2:      layout_basic, uniq_robin
D:3:      kennysheep_the_goblin_king, layout_rooms, gammafunk_ghost_necromancy
D:4:      layout_basic
D:5:      layout_loops_cross
D:6:      layout_basic, lightli_temple_of_fire, minmay_temple_entry_proselytizer
D:7:      layout_basic
D:8:      layout_loops_ring, hellmonk_lair_entry_icy

Skill      XL: |  1  2  3  4  5  6  7  8  9 |
---------------+----------------------------+-----
Unarmed Combat | 2 3 4 5 6 7 9 11 12 | 12.4
Evocations     | 2 4 |  4.0
Fighting       | |  2.6
Dodging        | |  1.7
Stealth        | |  4.5

Action                     |  1- 3 |  4- 6 |  7- 9 || total
---------------------------+-------+-------+-------++-------
  Melee: Unarmed           |   130 |   145 |   294 ||   569
         Whip              |     4 |       |       ||     4
         Punch             |     3 |    10 |    15 ||    28
         Dagger            |       |    10 |       ||    10
   Fire: Sling             |    57 |    26 |     9 ||    92
  Throw: Boomerang         |     3 |     3 |     8 ||    14
         Dart              |       |       |     8 ||     8
  Evoke: Wand              |       |     1 |     3 ||     4
    Use: Scroll            |     1 |     1 |       ||     2
         Potion            |       |     1 |     4 ||     5
   Stab: Sleeping          |     2 |     3 |       ||     5
         Paralysed         |       |     5 |       ||     5
 Armour: Leather armour    |    86 |    24 |       ||   110
         Chain mail        |       |    89 |    17 ||   106
         Plate armour      |       |       |   336 ||   336
         Skin              |       |       |     9 ||     9
  Dodge: Dodged            |    74 |    59 |    85 ||   218

Table legend: (Time is in decaauts)
 A = Elapsed time spent in this place.
 B = Non-inter-level travel time spent in this place.
 C = Inter-level travel time spent in this place.
 D = Time resting spent in this place.
 E = Time spent auto-exploring this place.
 F = Levels seen in this place.
 G = Mean time per level.
                   A        B        C        D        E       F      G
               +--------+--------+--------+--------+--------+-----+--------+
         Total |   9928 |   9183 |    745 |   2401 |   4656 |   8 | 1241.0 |
       Dungeon |   9928 |   9183 |    745 |   2401 |   4656 |   8 | 1241.0 |
               +--------+--------+--------+--------+--------+-----+--------+

Top non-repeatable levels by time:
     D:6: 2594 daAuts
     D:2: 1525 daAuts
     D:4: 1358 daAuts
     D:7: 1176 daAuts
     D:5: 1069 daAuts
     D:1: 863 daAuts
     D:8: 742 daAuts
     D:3: 597 daAuts
